 Dungeon Crawl Stone Soup version 0.30-a0-575-g6f4a10e2d2 (webtiles) character file.

Game seed: 6210785325074715272

32 Ijustatesigmund the Trooper (level 3, -1/34 HPs)
             Began as a Hill Orc Fighter on Dec 30, 2022.
             Slain by Crazy Yiuf
             ... wielding a +3 quarterstaff of chaos
              (9 damage)
             ... on level 2 of the Dungeon.
             The game lasted 00:01:45 (1342 turns).

Ijustatesigmund the Trooper (Hill Orc Fighter)      Turns: 1342, Time: 00:01:45

Health: -1/34      AC:  9    Str: 20    XL:     3   Next: 25%
Magic:  3/3        EV: 14    Int:  8    God:
Gold:   68         SH:  4    Dex: 10    Spells: 2/2 levels left

rFire   . . .      SeeInvis .    a - +0 war axe
rCold   . . .      Faith    .    c - +0 buckler
rNeg    . . .      Spirit   .    b - +0 scale mail
rPois   .          Reflect  .    n - +0 helmet
rElec   .          Harm     .    i - +0 cloak
rCorr   .          Rampage  .    (no gloves)
Will    +....                    (no boots) Stlth
                                 (no amulet)
HPRegen 0.25/turn                e - ring of willpower
MPRegen 0.08/turn                (no ring)

@: agile
A: no striking features
a: no special abilities


You were on level 2 of the Dungeon.
You visited 1 branch of the dungeon, and saw 2 of its levels.

You collected 68 gold pieces.

Inventory:

Hand Weapons
 a - a +0 war axe (weapon)
Armour
 b - a +0 scale mail (worn)
 c - a +0 buckler (worn)
 i - a +0 cloak (worn)
 n - a +0 helmet (worn)
Jewellery
 e - a ring of willpower (left hand)
Scrolls
 h - a scroll of identify {unknown}
 o - a scroll of noise {unknown}
Potions
 d - a potion of might
 f - a potion of invisibility {unknown}
 g - a potion of haste {unknown}
 j - a potion of magic {unknown}
 k - 3 potions of curing {unknown}
 l - a potion of degeneration {unknown}
 m - a potion of mutation {unknown}


   Skills:
 + Level 4.4 Fighting
 + Level 3.9 Axes
 - Level 3.2 Armour
 - Level 3.2 Shields


You had 2 spell levels left.
You didn't know any spells.
Your spell library was empty.

Dungeon Overview and Level Annotations

Branches:
Dungeon (2/15)

Altars:

Annotations:
D:2 Crazy Yiuf


Message History

No target in view!
No target in view!
No target in view!
No target in view!
No target in view!
No target in view!
No target in view!
No target in view!
No target in view!
No target in view!
You now have 68 gold pieces (gained 5).
You see here a dart slug corpse.
You open the door.
There is an open door here.
As you open the door, it creaks loudly!
There is an open door here.
Found a hammer.
Found a runed translucent door.
Crazy Yiuf shouts!
You open the door. You slash Crazy Yiuf!
Crazy Yiuf is heavily wounded.
You block Crazy Yiuf's attack. Crazy Yiuf hits you but does no damage.
You hit Crazy Yiuf.
Crazy Yiuf is severely wounded.
Crazy Yiuf drinks a potion.
Crazy Yiuf is healed!
You slash Crazy Yiuf!
Crazy Yiuf is heavily wounded.
Crazy Yiuf hits you with a +3 quarterstaff of chaos.
You feel agile all of a sudden.
You barely miss Crazy Yiuf.
Crazy Yiuf is heavily wounded.
Crazy Yiuf hits you with a +3 quarterstaff of chaos.
Space warps horribly around you!
Crazy Yiuf hits you with a +3 quarterstaff of chaos.
* * * LOW HITPOINT WARNING * * *
Crazy Yiuf draws strength from your wounds!
You barely miss Crazy Yiuf.
Crazy Yiuf is moderately wounded.
Crazy Yiuf hits you with a +3 quarterstaff of chaos!
You die...

#.. ########.# #........# ####
#......#.# #... #.........
#..#####♣♣♣♣♣ #...†..#.#
##...##....♣.♣♣♣ ### #.#...##..
#........PP.♣..♣#...# #........#
##.........♣♣♣♣@g...# ####.#####
###..##...P♣♣ ♣♣#..)# #.# #
........##♣♣ ### #.# ####.####
##.# ##'## #..# ##...## ### #.##
##.....## ###.## ######.###
#.......## ##....# #........##
.........####....####.####....###


You could see Crazy Yiuf.

Vanquished Creatures
  3 dart slugs
  2 ball pythons
  An endoplasm (D:1)
  A giant cockroach (D:1)
  2 goblins (D:1)
  A quokka (D:1)
  7 bats (D:1)
  3 frilled lizards
  3 kobolds
  4 rats
27 creatures vanquished.

Notes
Turn   | Place    | Note
-------+----------+-------------------------------------------
     0 | D:1      | Ijustatesigmund the Hill Orc Fighter began the quest for
                  | the Orb.
     0 | D:1      | Reached XP level 1. HP: 19/19 MP: 1/1
   172 | D:1      | Reached XP level 2. HP: 27/27 MP: 2/2
   174 | D:1      | Reached skill level 4 in Fighting
   798 | D:1      | Reached XP level 3. HP: 34/34 MP: 3/3
  1333 | D:2      | Found a runed translucent door.
  1334 | D:2      | Noticed Crazy Yiuf
  1342 | D:2      | Slain by Crazy Yiuf

Illustrated notes

Levels and vault maps discovered:
D:1:      amcnicky_arrival_gap_in_the_tavern_cellar, layout_loops_corners,
          minivault_19
D:2:      layout_loops_corners, serial_shops, nicolae_diamond_shop,
          minivault_14, nicolae_concentric_dashed_squares_wild,
          uniq_crazy_yiuf_cottage

Skill      XL: |  1  2 |
---------------+-------+-----
Axes           | 3 |  3.9
Fighting       | 4 |  4.4
Armour         | |  3.2
Shields        | |  3.2

Action                   || total
-------------------------++-------
Melee: War axe           ||    80
  Use: Scroll            ||     3
Armor: Scale mail        ||    53
Dodge: Dodged            ||    51
Block: Buckler           ||    20

Table legend: (Time is in decaauts)
 A = Elapsed time spent in this place.
 B = Non-inter-level travel time spent in this place.
 C = Inter-level travel time spent in this place.
 D = Time resting spent in this place.
 E = Time spent auto-exploring this place.
 F = Levels seen in this place.
 G = Mean time per level.
                   A        B        C        D        E       F      G
               +--------+--------+--------+--------+--------+-----+--------+
         Total |   1372 |   1294 |     78 |    100 |    946 |   2 |  686.0 |
       Dungeon |   1372 |   1294 |     78 |    100 |    946 |   2 |  686.0 |
               +--------+--------+--------+--------+--------+-----+--------+

Top non-repeatable levels by time:
     D:1: 1105 daAuts
     D:2: 266 daAuts
